AoeStats
← TW_Jerry YT @TW-aoe2noobs

Arena

508870392Analyzed
4v4 RM · 8d ago on Sep 24, 2026· 45m 23s· 8 players
Game mode
Random Map
Map size
Large (8 player)
Population
200
Speed
Normal
Resources
Standard
Victory
Conquest
Starting age
Dark Age
Ending age
Imperial Age
RankedLock teamsTeams togetherTeam positionsShared explorationLock speedFull tech treeHidden civsTurbo modeCheats
Victory
Defeat
🇦🇷 Goths · Argentina
1632
+11
1619
+12
🇹🇼 Spanish · Taiwan
1581
+13
🇹🇼 Slavs · Taiwan
1531
+16
🇨🇳 Varangians · China
1549
-14
🇨🇳 Danes · China
1528
-13
🇨🇳 Wei · China
1523
-13
🇹🇼 Khmer · Taiwan
1499
-12
[David]Dreamer
12:24 Feudal Age
13:30 Town Watch
13:43 Double-Bit Axe
16:02 Castle Age
13:55 Horse Collar
16:18 Bloodlines
16:52 Forging
18:32 Bow Saw
19:02 Heavy Plow
22:17 Wheelbarrow
21:30 Loom
21:25 Light Cavalry
23:37 Scale Barding Armor
25:41 Hand Cart
26:20 Chain Barding Armor
28:56 Gold Mining
29:39 Husbandry
30:24 Iron Casting
33:05 Imperial Age
30:49 Squires
30:35 Gambesons
30:52 Scale Mail Armor
30:37 Pikeman
32:38 Chain Mail Armor
33:20 Elite Jarl
33:27 Capped Ram
33:44 Halberdier
34:11 Arson
35:07 Plate Mail Armor
35:37 Blast Furnace
35:27 Conscription
35:58 Fletching
36:18 Cavalier
36:20 Vendel Legacy
38:20 Crop Rotation
39:50 Two-Man Saw
39:17 Bodkin Arrow
40:00 Plate Barding Armor
41:04 Bodkin Arrow
42:46 Siege Ram
44:41 Ballistics
45:21 Chemistry
Haosbot
9:45 Feudal Age
14:03 Castle Age
12:12 Double-Bit Axe
14:06 Horse Collar
15:22 Loom
21:11 Gold Mining
26:30 Scale Barding Armor
27:39 Bloodlines
27:35 Husbandry
33:36 Imperial Age
不西西
9:50 Feudal Age
13:37 Castle Age
12:10 Double-Bit Axe
12:46 Horse Collar
26:01 Fletching
27:02 Loom
30:20 Heavy Plow
30:40 Bow Saw
33:23 Wheelbarrow
32:55 Bodkin Arrow
33:01 Padded Archer Armor
33:26 Bloodlines
33:18 Husbandry
33:39 Gold Mining
35:15 Thumb Ring
35:33 Ballistics
41:47 Imperial Age
41:22 Leather Archer Armor
42:30 Bracer
41:53 Heavy Mounted Crossbowman
43:54 Chemistry
43:14 Stone Mining
42:55 Cranequins
EricLu6
8:06 Feudal Age
8:33 Double-Bit Axe
8:29 Horse Collar
8:45 Gold Mining
10:34 Stone Mining
12:43 Wheelbarrow
18:17 Castle Age
17:02 Bloodlines
17:11 Fletching
17:36 Loom
18:55 Bodkin Arrow
19:14 Bow Saw
19:30 Heavy Plow
20:41 Husbandry
21:19 Gold Shaft Mining
22:35 Padded Archer Armor
23:52 Hand Cart
29:02 Imperial Age
27:18 Leather Archer Armor
28:59 Thumb Ring
29:45 Ballistics
30:23 Bracer
32:33 Chemistry
32:51 Parthian Tactics
33:27 Murder Holes
36:02 Fortified Wall
菜就怪隊友
9:44 Feudal Age
10:55 Loom
14:41 Castle Age
13:13 Double-Bit Axe
16:01 Castle Age
13:45 Horse Collar
17:09 Bow Saw
17:40 Pikeman
18:33 Scale Mail Armor
18:36 Squires
21:57 Wheelbarrow
25:30 Ballistics
30:59 Imperial Age
28:52 Forging
30:14 Iron Casting
30:07 Chain Mail Armor
30:18 Hand Cart
30:59 Halberdier
31:03 Capped Ram
32:48 Plate Mail Armor
33:19 Blast Furnace
33:53 Two-Man Saw
34:06 Chemistry
34:48 Siege Engineers
34:37 Heavy Scorpion
35:52 Town Watch
37:02 Conscription
37:11 Onager
37:14 Siege Ram
38:22 Fletching
40:50 Bodkin Arrow
44:26 Padded Archer Armor
45:00 Coinage
TW_Jerry YT @TW-aoe2noobs
10:08 Feudal Age
10:11 Feudal Age
11:42 Double-Bit Axe
14:28 Castle Age
12:52 Horse Collar
15:37 Bow Saw
15:28 Heavy Plow
24:21 Wheelbarrow
24:13 Gold Mining
27:26 Imperial Age
25:06 Loom
25:59 Gold Shaft Mining
25:47 Scale Barding Armor
25:52 Forging
26:25 Bloodlines
26:21 Husbandry
28:06 Chain Barding Armor
28:22 Iron Casting
27:52 Heavy Camel Rider
30:57 Plate Barding Armor
32:39 Siege Elephant
35:05 Chemistry
35:46 Conscription
36:25 Frontier Guards
36:38 Light Cavalry
37:59 Ballistics
37:30 Fletching
38:59 Stone Mining
40:32 Elite Chakram Thrower
41:13 Scale Mail Armor
42:52 Hand Cart
43:39 Chain Mail Armor
44:21 Hussar
TW_KA
11:00 Feudal Age
15:05 Castle Age
13:55 Double-Bit Axe
14:48 Horse Collar
16:49 Padded Archer Armor
21:36 Leather Archer Armor
27:46 Loom
28:38 Wheelbarrow
38:51 Bloodlines
38:42 Husbandry
42:31 Bow Saw
TW_HIHAO
10:42 Feudal Age
11:39 Double-Bit Axe
11:54 Horse Collar
14:24 Castle Age
13:13 Gold Mining
15:53 Bow Saw
26:56 Heavy Plow
33:40 Wheelbarrow
34:47 Town Watch
37:49 Hand Cart
40:15 Imperial Age
38:14 Scale Mail Armor
38:25 Forging
39:12 Anarchy
39:24 Loom
39:31 Loom
40:06 Chain Mail Armor
40:30 Iron Casting
40:33 Squires
41:03 Perfusion
41:31 Conscription
40:49 Capped Ram
43:34 Blast Furnace
43:35 Elite Huskarl
Connection lost

Rejoining the realm…

Still unreachable

The connection could not be restored.

Session expired

The server has moved on; the page needs a fresh start.